 Dungeon Crawl Stone Soup version 0.27.1-33-g824d729ab1 (webtiles) character file.

Game seed: 9794671698192327407

18804 Atelerd the Covert (level 12, 0/70 HPs)
             Began as an Octopode Earth Elementalist on Dec 26, 2021.
             Was an Elder of Sif Muna.
             Slain by Jorgrun (35 damage)
             ... on level 12 of the Dungeon on Dec 27, 2021.
             The game lasted 00:38:07 (18549 turns).

Atelerd the Covert (Octopode Earth Elementalist)   Turns: 18549, Time: 00:38:08

Health: 0/70       AC:  1    Str:  7    XL:     12   Next: 62%
Magic:  25/26      EV: 17    Int: 28    God:    Sif Muna [****..]
Gold:   1443       SH: 10    Dex: 13    Spells: 23/31 levels left

rFire    . . .     SeeInvis +   M - +2 dagger (elec)
rCold    . . .     Faith    .   N - +0 buckler
rNeg     . . .     Spirit   .   (helmet restricted)
rPois    .         Reflect  +   B - amulet of reflection
rElec    .         Harm     .   a - ring of see invisible
rCorr    .         Rampage  .   l - +6 ring of intelligence
Will     +....                  m - +4 ring of evasion
Stlth    ++++++....             I - ring of willpower
HPRegen  0.21/turn              (no ring)
MPRegen  0.20/turn              (no ring)
                                (no ring)
                                (no ring)

@: grasped by roots, constricted
A: almost no armour, amphibious, 8 rings, camouflage 1, gelatinous body 1,
(nimble swimmer 1), tentacles
a: Renounce Religion, Channel Magic, Forget Spell, Divine Exegesis


You were on level 12 of the Dungeon.
You worshipped Sif Muna.
Sif Muna was greatly pleased with you.
You visited 2 branches of the dungeon, and saw 13 of its levels.
You also visited: Bailey.

You collected 1647 gold pieces.
You spent 204 gold pieces at shops.

Inventory:

Hand Weapons
 w - a +2 dagger of venom
 J - a +5 short sword
 M - a +2 dagger of electrocution (weapon)
Missiles
 b - 6 stones
 u - a throwing net
Armour
 N - a +0 buckler (worn)
Jewellery
 a - a ring of see invisible (left tentacle)
 l - a +6 ring of intelligence (right tentacle)
 m - a +4 ring of evasion (on tentacle)
 B - an amulet of reflection (around mantle)
 D - a ring of ice
 G - an amulet of magic regeneration
 I - a ring of willpower (on tentacle)
Wands
 j - a wand of acid (12)
 n - a wand of iceblast (9)
 K - a wand of digging (11)
Scrolls
 c - 3 scrolls of amnesia {unknown}
 d - 3 scrolls of enchant armour
 f - 9 scrolls of teleportation
 g - a scroll of fear {unknown}
 p - 2 scrolls of fog
 s - a scroll of blinking
 t - 2 scrolls of magic mapping
 y - 2 scrolls of enchant weapon
 A - 3 scrolls of noise
 C - a scroll of holy word {unknown}
 E - 2 scrolls of vulnerability
 O - a scroll of torment
 P - a scroll of summoning
 Q - a scroll of identify
Potions
 h - a potion of flight
 i - 5 potions of heal wounds
 k - 4 potions of curing
 o - 3 potions of haste {unknown}
 q - a potion of might
 r - a potion of invisibility {unknown}
 v - 4 potions of berserk rage {unknown}
 x - 2 potions of brilliance {unknown}
 z - a potion of mutation {unknown}
 F - a potion of ambrosia
 H - 3 potions of attraction {unknown}
 L - 2 potions of lignification {unknown}
Miscellaneous
 e - a phial of floods
 R - a condenser vane (inert)


   Skills:
 - Level 2.0 Fighting
 - Level 4.0 Short Blades
 - Level 7.0 Dodging
 + Level 11.3 Stealth
 - Level 4.0 Shields
 - Level 10.0 Spellcasting
 - Level 2.0 Transmutations
 - Level 2.0 Air Magic
 - Level 10.6 Earth Magic
 - Level 8.0 Invocations


You had 23 spell levels left.
You knew the following spells:

 Your Spells              Type           Power      Damage    Failure   Level
a - Sandblast             Erth           100%       2d20      1%          1
p - Petrify               Tmut/Erth      49%        N/A       3%          4
s - Swiftness             Air            25%        N/A       5%          3

Your spell library contained the following spells:

 Spells                   Type           Power      Damage    Failure   Level
 Passwall                 Tmut/Erth      40%        N/A       1%          2
 Stone Arrow              Conj/Erth      86%        3d12      1%          3
 Dazzling Flash           Conj/Hex       28%        N/A       12%         3
 Silence                  Hex/Air        9%         N/A       58%         5
 Agony                    Necr           14%        N/A       73%         5
 Invisibility             Hex            7%         N/A       99%         6


Dungeon Overview and Level Annotations

Branches:
Dungeon (12/15)            Temple (1/1) D:7            Lair (0/6) D:11
    Orc (0/2) D:12         Bailey (visited)

Altars:
Ashenzari
Cheibriados
Elyvilon
Fedhas
Gozag
Hepliaklqana
Kikubaaqudgha
Nemelex Xobeh
Qazlal
Ru
Sif Muna
Trog
Uskayaw
Vehumet
Wu Jian
Xom
Yredelemnul
Zin
The Shining One

Shops:
D:9 (   D:11 *

Annotations:
D:1 exclusion: downstairs
D:4 3 runed translucent doors, exclusion: downstairs, Kaptain's ghost, amateur OpEE
D:9 1 runed translucent door, exclusion: downstairs
D:11 exclusion: 2 downstairs
D:12 1 runed translucent door, Jorgrun


Innate Abilities, Weirdness & Mutations

You cannot wear most types of armour.
You are amphibious.
You can wear up to eight rings at the same time.
Your skin changes colour to match your surroundings (Stealth+).
Your rubbery body absorbs attacks. (AC +1, EV +1)
((You are camouflaged near water. (Stealth+)))
You have tentacles for arms and can constrict up to eight enemies at once.


Message History

Jorgrun Earthshaker comes into view.
He is wielding a staff of earth.
Jorgrun is nearby!
Jorgrun is nearby!
Jorgrun is nearby!
Jorgrun is nearby!
Casting: Petrify (dangerous; 3% risk of failure)
Confirm with . or Enter, or press ? or * to list all spells.
Aiming: Petrify (dangerous; 3% risk of failure)
Press: ? - help, Shift-Dir - straight line, f - Jorgrun
Aim: Jorgrun, wielding a staff of earth and wearing a +0 robe (asleep, chance to affect: 3%)
Okay, then.
Okay, then.
Unknown command.
Okay, then.
The helpless Jorgrun fails to defend himself.
You spit Jorgrun like a pig!!! Lightning courses through Jorgrun!!
Your grab misses Jorgrun.
Jorgrun is severely wounded.
Jorgrun hits you with a staff of earth. Jorgrun shatters you!
Casting: Petrify (dangerous; 3% risk of failure)
Confirm with . or Enter, or press ? or * to list all spells.
Aiming: Sandblast (safe; 1% risk of failure)
Press: ? - help, Shift-Dir - straight line, f - Jorgrun
Aim: Jorgrun, wielding a staff of earth and wearing a +0 robe (severely wounded, 73% to hit)
The blast of sand hits Jorgrun.
Jorgrun is severely wounded.
Jorgrun casts a spell at you.
Roots burst forth from the earth!
The grasping roots grab you! The grasping roots constrict you!
Unknown command.
Aiming: Corrosive Bolt
Press: ? - help, Shift-Dir - straight line, f/p - Jorgrun
Aim: Jorgrun, wielding a staff of earth and wearing a +0 robe (severely wounded, 53% to hit)
The bolt of acid hits Jorgrun!
Jorgrun is splashed with acid.
The acid corrodes Jorgrun!
Jorgrun is severely wounded.
Jorgrun hits you with a staff of earth. Jorgrun shatters you!!
Ouch! That really hurt!
You die...

######################
#.....................
#......#...###...####
#^.....#...# #@..#
#......#...# #g..#
#......#...# #...#
#......#...# #...#
#......#...# #...# #.#
#......#...# #...# #.#
#..........# #...# #.#
#..........# #...# #.#
###..........# #...#
#.# #..#


You could see Jorgrun (corroded).

Vanquished Creatures
  Snorg (D:11)
  Erolcha (D:9)
  3 two-headed ogres
  Sonja (D:11)
  An orc knight (Bailey)
  2 manticores
  An elephant (D:11)
  A centaur zombie (D:10)
  A gargoyle (D:12)
  A kobold demonologist (D:11)
  A troll (D:11)
  A queen bee (D:9)
  A hornet (D:8)
  3 slime creatures (D:12)
  A vampire (D:12)
  23 yaks
  A shadow (D:12)
  A wraith (D:9)
  A wyvern (D:11)
  2 basilisks (D:11)
  3 vampire mosquitoes (D:11)
  Menkaure (D:5)
  3 acid dragons
  Edmund (D:4)
  Duvessa (D:7)
  7 orc warriors
  A black bear (D:7)
  A hornet zombie (D:6)
  A sky beast (D:6)
  A necrophage (D:6)
  2 ogres (D:4)
  4 centaurs
  2 phantoms (D:12)
  2 kobold brigands
  2 scorpions (D:5)
  2 bullfrogs
  2 gnoll sergeants
  A water moccasin zombie (D:5)
  A wyvern zombie (D:7)
  Dowan (D:7)
  A water moccasin skeleton (D:6)
  31 killer bees
  2 troll zombies (D:12)
  17 wights
  An electric eel (D:10)
  A lava snake (D:10)
  2 bullfrog zombies
  2 orc priests
  2 centaur skeletons (D:6)
  2 gnoll shamans
  2 bullfrog skeletons
  3 iguanas
  4 orc wizards
  4 ogre zombies (D:12)
  A hound zombie (D:5)
  A hound skeleton (D:5)
  2 howler monkey skeletons
  2 howler monkey zombies (D:9)
  18 gnolls
  5 adders
  2 white imps
  An ufetubus (D:6)
  An adder zombie (D:5)
  3 worms
  2 dart slugs
  43 orcs
  5 endoplasms
  4 giant cockroaches
  7 goblins
  10 hobgoblins
  28 kobolds
  7 ball pythons
  5 bats
  6 frilled lizards
  4 goblin zombies
  A hobgoblin skeleton (D:12)
  A hobgoblin zombie (D:12)
  4 orc skeletons (D:12)
  10 orc zombies (D:12)
  4 rats
  A rat zombie (D:7)
339 creatures vanquished.

Vanquished Creatures (others)
  2 fungi (D:11)
  15 plants
17 creatures vanquished.

Grand Total: 356 creatures vanquished

Notes
Turn   | Place    | Note
-------+----------+-------------------------------------------
     0 | D:1      | Atelerd the Octopode Earth Elementalist began the quest for
                  | the Orb.
     0 | D:1      | Reached XP level 1. HP: 11/11 MP: 3/3
   713 | D:1      | Reached XP level 2. HP: 17/17 MP: 3/5
   933 | D:1      | Found a faded altar of an unknown god.
  1718 | D:2      | Reached XP level 3. HP: 2/21 MP: 4/6
  3055 | D:3      | Reached XP level 4. HP: 19/27 MP: 6/8
  3638 | D:3      | Learned a level 4 spell: Petrify
  4016 | D:3      | Identified a scroll of acquirement
  4018 | D:3      | Acquired 686 gold pieces
  4091 | D:4      | Identified the +5 tower shield "Orawacy" {*Slow Fly rC-
                  | Int+7}
  4109 | D:4      | Found a runed translucent gate.
  4109 | D:4      | Found a runed translucent gate.
  4109 | D:4      | Found a runed translucent gate.
  4247 | D:4      | Noticed Kaptain's ghost (amateur OpEE)
  4290 | D:4      | Reached XP level 5. HP: 31/31 MP: 7/10
  4511 | D:4      | Noticed an ogre
  4523 | D:4      | Killed an ogre
  4606 | D:4      | Reached XP level 6. HP: 36/36 MP: 4/12
  4807 | D:4      | Found a sparkling altar of Nemelex Xobeh.
  4840 | D:4      | Reached skill level 5 in Earth Magic
  5044 | D:4      | Found a glowing silver altar of Zin.
  5140 | D:5      | Entered Level 5 of the Dungeon
  5425 | D:5      | Found a basalt altar of Yredelemnul.
  5425 | D:5      | Found a stormy altar of Qazlal.
  5425 | D:5      | Found a shimmering altar of Xom.
  5593 | D:5      | Noticed Edmund
  5648 | D:4      | Killed Edmund
  5649 | D:4      | Reached skill level 5 in Spellcasting
  5649 | D:4      | Reached XP level 7. HP: 25/41 MP: 0/14
  6779 | D:5      | Reached XP level 8. HP: 46/46 MP: 12/16
  7335 | D:5      | Noticed Menkaure
  7349 | D:5      | Killed Menkaure
  7931 | D:6      | Reached skill level 3 in Stealth
  8040 | D:6      | Reached skill level 1 in Fighting
  8040 | D:6      | Reached skill level 1 in Short Blades
  8306 | D:6      | Learned a level 3 spell: Swiftness
  8528 | D:6      | Reached skill level 4 in Stealth
  8563 | D:6      | Reached XP level 9. HP: 54/54 MP: 13/19
  8921 | D:7      | Reached skill level 5 in Stealth
  8961 | D:7      | Found a sand-covered staircase.
  9002 | D:7      | Noticed Dowan
  9017 | D:7      | Killed Dowan
  9076 | D:7      | Noticed Duvessa
  9090 | D:7      | Killed Duvessa
  9516 | D:7      | Reached skill level 6 in Stealth
  9603 | D:7      | Found a staircase to the Ecumenical Temple.
  9729 | Temple   | Entered the Ecumenical Temple
  9800 | Temple   | Became a worshipper of Sif Muna the Loreminder
 10236 | D:8      | Reached * piety under Sif Muna
 10438 | D:8      | Noticed a hornet
 10468 | D:8      | Killed a hornet
 10552 | D:8      | Reached XP level 10. HP: 48/60 MP: 13/22
 10943 | D:9      | Found Wunobof's Antique Weapon Emporium.
 10977 | D:9      | Noticed Erolcha
 10991 | D:9      | Killed Erolcha
 11065 | D:9      | Found a snail-covered altar of Cheibriados.
 11123 | D:9      | Noticed a two-headed ogre
 11135 | D:9      | Killed a two-headed ogre
 11136 | D:9      | Reached skill level 10 in Earth Magic
 11202 | D:9      | Found a glowing golden altar of the Shining One.
 11383 | D:9      | Reached ** piety under Sif Muna
 12001 | D:9      | Reached skill level 1 in Invocations
 12341 | D:9      | Reached XP level 11. HP: 64/64 MP: 17/24
 12478 | D:9      | Found a bloodstained altar of Trog.
 12801 | D:9      | Found a runed translucent door.
 12802 | D:9      | Noticed a manticore
 12834 | D:9      | Killed a manticore
 12835 | D:9      | Reached skill level 10 in Spellcasting
 12835 | D:9      | Reached skill level 5 in Invocations
 13066 | D:9      | Noticed a boulder beetle
 13105 | D:10     | Entered Level 10 of the Dungeon
 13186 | D:10     | Found a flagged portal.
 13195 | Bailey   | Entered a bailey
 13413 | Bailey   | Reached *** piety under Sif Muna
 13607 | Bailey   | Noticed an orc knight
 13632 | Bailey   | Killed an orc knight
 13633 | Bailey   | Reached skill level 1 in Air Magic
 14876 | D:10     | Reached skill level 1 in Shields
 15222 | D:10     | Reached skill level 7 in Stealth
 15238 | D:10     | Reached **** piety under Sif Muna
 15533 | D:10     | Reached skill level 5 in Dodging
 15683 | D:10     | Found a hide-covered altar of Uskayaw.
 15739 | D:11     | Noticed Sonja
 15930 | D:11     | Noticed a two-headed ogre
 15932 | D:11     | Killed Sonja
 16070 | D:11     | Reached skill level 8 in Stealth
 16107 | D:11     | Reached XP level 12. HP: 42/70 MP: 18/26
 16401 | D:11     | Found a staircase to the Lair.
 16640 | D:11     | Noticed a two-headed ogre
 16646 | D:11     | Noticed Snorg
 16667 | D:11     | Killed a two-headed ogre
 16668 | D:11     | Reached skill level 9 in Stealth
 16670 | D:11     | Killed a two-headed ogre
 16996 | D:11     | Killed Snorg
 17109 | D:11     | Found Ygavoaxi's General Store.
 17117 | D:11     | Bought a potion of heal wounds for 85 gold pieces
 17117 | D:11     | Bought a scroll of identify for 34 gold pieces
 17117 | D:11     | Bought a scroll of identify for 34 gold pieces
 17117 | D:11     | Bought a potion of curing for 51 gold pieces
 17320 | D:12     | Found a runed translucent door.
 17908 | D:12     | Reached skill level 10 in Stealth
 18019 | D:12     | Found a staircase to the Orcish Mines.
 18473 | D:12     | Reached skill level 11 in Stealth
 18544 | D:12     | Noticed Jorgrun
 18549 | D:12     | Slain by Jorgrun

Illustrated notes

Levels and vault maps discovered:
D:1:      elethiomel_arrival_quiet, layout_loops_ring,
          dreamdust_ecumenical_altar_statues
D:2:      layout_loops_ring, serial_bayou_pond_c
D:3:      layout_basic, minivault_19, serial_bayou_lake_a
D:4:      layout_loops_ring, mainiacjoe_overflow_alcove_1,
          nemelex_xobeh_ov_fountains_minmay, gammafunk_ghost_necromancy,
          minmay_misc_feat_secret_circle
D:5:      minmay_opposing_rooms, layout_loops_ring,
          chequers_temple_overflow_statue_of_worship, minivault_25, uniq_edmund,
          uniq_menkaure
D:6:      layout_gridville
D:7:      layout_cave_pools, minmay_temple_entry_junction, enter_ossuary_4,
          uniq_duvessa
D:8:      layout_loops_ring
D:9:      layout_roguey [special_room_bee], kennysheep_slug_shrine,
          kennysheep_mini, mainiacjoe_overflow_concentric_impassable,
          serial_shops, shop, minivault_13, uniq_erolcha
D:10:     layout_big_octagon, nicolae_uskayaw_suspiria, enter_bailey_2,
          serial_park, serial_park_tiny_2, serial_park_square3
          [serial_park_minivault_5x5_8], serial_park_tiny_2
D:11:     layout_cave_pools, david_lair_generic, serial_shops, shop, uniq_snorg,
          uniq_sonja
D:12:     layout_long_grid, zombieorc1_lemuel, ebering_ghost_reflecting_pool,
          uniq_jorgrun, uniq_josephine
Temple:   dshaligram_water_room_temple

Skill      XL: |  1  2  3  4  5  6  7  8  9 10 11 12 |
---------------+-------------------------------------+-----
Transmutations | 2 |  2.0
Spellcasting   | 3 4 5 6 8 9 10 | 10.0
Earth Magic    | 4 5 6 7 9 10 | 10.6
Stealth        | 4 6 8 11 | 11.3
Fighting       | 1 2 |  2.0
Short Blades   | 1 2 4 |  4.0
Dodging        | 3 4 5 7 |  7.0
Invocations    | 3 6 8 |  8.0
Air Magic      | 2 |  2.0
Shields        | 4 |  4.0

Action                   |  1- 3 |  4- 6 |  7- 9 | 10-12 || total
-------------------------+-------+-------+-------+-------++-------
Melee: Unarmed           |    25 |       |       |       ||    25
       Constrict         |    22 |    17 |    26 |    37 ||   102
       Tentacles         |     9 |    16 |    19 |    40 ||    84
       Dagger            |    31 |    90 |    71 |   239 ||   431
       Short sword       |       |       |    43 |    21 ||    64
Throw: Throwing net      |       |     1 |       |       ||     1
 Cast: Sandblast         |    32 |    20 |   111 |   187 ||   350
       Petrify           |       |    11 |    35 |   101 ||   147
       Swiftness         |       |       |       |     2 ||     2
Invok: Channel Magic     |       |       |       |     3 ||     3
Evoke: Wand              |       |     1 |     1 |    30 ||    32
       Condenser vane    |       |       |       |     1 ||     1
  Use: Scroll            |       |     8 |       |    11 ||    19
       Potion            |       |       |       |     3 ||     3
 Stab: Sleeping          |     7 |     8 |     4 |    17 ||    36
       Distracted        |     1 |       |       |       ||     1
       Petrified         |       |    37 |    74 |   105 ||   216
       Held in net/web   |       |     2 |       |       ||     2
       Petrifying        |       |       |       |     6 ||     6
Armor: Skin              |     6 |     4 |     1 |    11 ||    22
Dodge: Dodged            |    41 |    46 |    76 |   179 ||   342
Block: Other             |       |       |    17 |    39 ||    56
       Buckler           |       |       |       |    31 ||    31
       Reflection        |       |       |       |    11 ||    11
